 Dungeon Crawl Stone Soup version 0.32-a0-931-g5a2cda0630 (webtiles) character file.

Game seed: 7258347421953263130

13893 Aneyh the Warrior (level 12, -8/81 HPs)
             Began as a Tengu Monk on Apr 14, 2024.
             Was an Elder of Hepliaklqana.
             Mangled by a large abomination (28 damage)
             ... in a Gauntlet.
             The game lasted 00:29:08 (12903 turns).

Aneyh the Warrior (Tengu Monk)                     Turns: 12903, Time: 00:29:08

Health: -8/81      AC: 18    Str: 16    XL:     12   Next: 10%
Magic:  7/21       EV: 13    Int: 17    God:    Hepliaklqana [****..]
Gold:   754        SH:  0    Dex: 18    Spells: 6/11 levels left

rFire   . . .        a - +4 scimitar
rCold   + . .        (no shield)
rNeg    . . .        v - +1 chain mail of the Sky {rPois}
rPois   +            E - +3 hat of Pondering {ponderous, Will+ MP+10 Int+5}
rElec   .            F - scarf {+Inv}
rCorr   .            k - +2 pair of gloves {infuse}
SInv    .            (boots unavailable)
Will    +....        J - amulet of regeneration Stlth
                     (no ring)
HPRegen 1.13/turn    (no ring)
MPRegen 0.17/turn

%: no teleportation, acrobat, infuse magic (1 MP)
@: mighty, flying, hasted, studying Polearms, inugami summoned, very quick
A: reduced essence, beak, talons 3, evasive flight, acrobatic, iridescent scales
1, cold resistance 1, low MP 1, strong 1
a: Renounce Religion, Evoke Invisibility, Recall Ancestor, Ancestor Identity,
Transference, Idealise


You were in a Gauntlet.
You worshipped Hepliaklqana.
Hepliaklqana was greatly pleased with you.
You visited 3 branches of the dungeon, and saw 13 of its levels.
You also visited: Gauntlet.

You collected 754 gold pieces.

Inventory:

Hand Weapons
 a - a +4 scimitar (weapon)
 b - a +0 shortbow
 h - a +0 spear
 o - a +2 dagger of venom
 u - a +0 trident
 z - a +0 falchion
 B - a +4 long sword
 C - a +0 battleaxe
 I - a +0 great sword
 M - a +1 spear of freezing
 R - a +3 spear
 T - a +2 longbow of electrocution
Missiles
 i - 41 poisoned darts
 t - 5 javelins
Armour
 d - an orb of light
 f - a +1 leather armour of poison resistance
 g - a +1 ring mail
 k - a +2 pair of gloves of infusion (worn)
 v - the +1 chain mail of the Sky (worn) {rPois}
   (You found it on level 6 of the Dungeon)

   rPois:     It protects you from poison.
 E - the +3 hat of Pondering (worn) {ponderous, Will+ MP+10 Int+5}
   (You took it off Gastronok on level 9 of the Dungeon)

   Int+5:     It affects your intelligence (+5).
   Will+:     It increases your willpower.
   MP+10:     It affects your magic capacity (+10).
 F - a scarf of invisibility (worn)
 O - +0 steam dragon scales
 U - a +2 robe of willpower
Magical Staves
 S - a staff of air
Jewellery
 G - a ring of ice
 J - an amulet of regeneration (around neck)
 L - a ring of ice
Wands
 p - a wand of light (5)
 w - a wand of flame (12)
 x - a wand of warping (8)
 A - a wand of polymorph (3)
Scrolls
 e - 2 scrolls of fog {unknown}
 j - 2 scrolls of noise
 q - 4 scrolls of teleportation
 s - 2 scrolls of brand weapon {unknown}
 y - a scroll of enchant weapon {unknown}
 D - a scroll of poison {unknown}
 H - a scroll of fear {unknown}
 N - a scroll of enchant armour
Potions
 c - 3 potions of ambrosia
 l - 3 potions of heal wounds
 m - 3 potions of curing
 n - a potion of enlightenment {unknown}
 r - a potion of haste
 K - a potion of might
 P - a potion of invisibility {unknown}
 Q - a potion of brilliance {unknown}


   Skills:
 + Level 16.7 Fighting
 - Level 4.0 Long Blades
 - Level 4.0 Armour
 - Level 6.0 Dodging
 + Level 8.2 Summonings


You had 6 spell levels left.
You knew the following spells:

 Your Spells              Type           Power      Damage    Failure   Level
a - Call Imp              Summ           54%        N/A       14%         2
b - Call Canine Familiar  Summ           27%        N/A       28%         3

Your spell library contained the following spells:

 Spells                   Type           Power      Damage    Failure   Level
 Summon Small Mammal      Summ           100%       N/A       10%         1
 Apportation              Tloc           0%         N/A       95%         1
 Necrotise                Necr           0%         1d4       95%         1
 Sting                    Conj/Alch      0%         1d3       95%         1
 Ensorcelled Hibernation  Hex/Ice        0%         N/A       99%         2
 Jinxbite                 Hex            0%         N/A       99%         2
 Sublimation of Blood     Necr           0%         N/A       99%         2
 Fugue of the Fallen      Necr           0%         N/A       100%        3
 Maxwell's Portable Pile  Tloc           0%         2d(5-13)  100%        3
 Passwall                 Erth           0%         N/A       100%        3
 Sigil of Binding         Hex            0%         N/A       100%        3
 Swiftness                Air            0%         N/A       100%        3
 Anguish                  Hex/Necr       0%         N/A       100%        4
 Dimensional Bullseye     Hex/Tloc       0%         N/A       100%        4
 Arcjolt                  Conj/Air       0%         1d10      100%        5
 Yara's Violent Unravell  Hex/Alch       0%         3d3       100%        5
 Enfeeble                 Hex            0%         N/A       100%        7
 Summon Hydra             Summ           13%        N/A       100%        7
 Maxwell's Capacitive Co  Air            0%         ∞         100%        8


Dungeon Overview and Level Annotations

Branches:
Dungeon (11/15)            Temple (1/1) D:7            Lair (1/5) D:11
Gauntlet (1/1)
    Orc: D:9-12

Altars:
Ashenzari
Cheibriados
Dithmenos
Elyvilon
Fedhas
Gozag
Hepliaklqana
Kikubaaqudgha
Makhleb
Nemelex Xobeh
Okawaru
Qazlal
Ru
Sif Muna
Trog
Uskayaw
Vehumet
Wu Jian
Xom
Yredelemnul
Zin
The Shining One

Shops:
D:5 [   D:8 [   D:9 !

Annotations:
Gauntlet 7 transporters, 3 runed translucent doors


Innate Abilities, Weirdness & Mutations

Your life essence is reduced to manifest your ancestor. (-10% HP)
You have a beak for a mouth.
You have claws for feet.
Your magical flight helps you evade attacks. (EV +4)
You can magically evade attacks while moving or waiting.
You are partially covered in iridescent scales. (AC +2)
Your flesh is cold resistant. (rC+)
Your magical capacity is low. (-10% MP)
Your muscles are strong. (Str +4, Int/Dex -1)


Message History

The large abomination hits you!
You hit the large abomination. You claw the large abomination.
The large abomination is almost destroyed.
The large abomination hits you!
* * * LOW HITPOINT WARNING * * *
Unknown command.
You feel much better.
The large abomination barely misses you.
It was a potion of might.
You feel very mighty all of a sudden.
You slash the large abomination!
You destroy the large abomination!
You barely miss the small abomination.
The small abomination hits you but does no damage.
You slash the small abomination!
The small abomination is moderately damaged.
The small abomination hits you but does no damage.
You slice the small abomination!!
You destroy the small abomination!
You closely miss the small abomination. You claw the small abomination!
The small abomination is moderately damaged.
You hit the small abomination. You peck the small abomination.
The small abomination is heavily damaged.
The small abomination hits you but does no damage.
The small abomination barely misses you.
You barely miss the small abomination. You claw the small abomination!
Your peck misses the small abomination.
The small abomination is almost destroyed.
The small abomination closely misses you.
You barely miss the small abomination. You claw the small abomination.
You destroy the small abomination!
The small abomination hits your inugami.
You swap places.
The large abomination hits you!!
* * * LOW HITPOINT WARNING * * *
The small abomination misses you.
You slash the large abomination! Your kick misses the large abomination.
The large abomination is moderately damaged.
The large abomination hits you!!
You die...
Hepliaklqana delivers you to your ancestors.

..#.x#..##..#.#..##..≈#
+++.g#..#..#.©.#..#..##
#.#..#..###########..≈#
#©#..#......#©#......##
######......#©#......≈#
#©#.....###########..##
#©#.....#.........#..≈#
######..#.#...#.#.#..##
#.##.#..#...###X@h#..≈#
.#..##..#.#.#.Xx#.#..##
##.###..#.#..©###.#..§#
^©#YY#..#...###...#..##
.##Y##..#.#.#...#.#..≈#
#..#p#..#.#.h.#.#.#.§##
#©##Y#..#..?[©.?..#.§§#
######..###########.§##
......∩..............§#


You could see 2 large abominations, a small abomination and a friendly inugami
(summoned).

Vanquished Creatures
  A two-headed ogre (D:9)
  2 cyclopes (D:11)
  A large abomination (Gauntlet)
  2 kobold demonologists
  A raiju (Gauntlet)
  A hornet (D:8)
  A shadow (D:11)
  2 small abominations (Gauntlet)
  Grum (D:11)
  9 yaks
  A neqoxec (Gauntlet)
  2 steam dragons
  A chaos spawn (Gauntlet)
  A water moccasin (D:7)
  2 nameless horrors
  3 black bears
  An ice beast (D:8)
  3 orc warriors
  3 sky beasts
  An ogre (D:4)
  A centaur (D:7)
  2 wolves (D:11)
  A phantom (D:4)
  4 kobold brigands
  3 bullfrogs
  3 scorpions
  3 wights
  4 killer bees
  2 electric eels
  A howler monkey (D:6)
  A crimson imp (D:3)
  2 jellies (D:4)
  2 bombardier beetles (D:5)
  A gnoll bouda (D:4)
  9 orc priests
  2 iguanas
  A sleepcap (D:6)
  Natasha (twice) (D:2)
  5 orc wizards
  10 gnolls
  5 adders
  A shadow imp (D:8)
  A white imp (D:6)
  A dart slug (D:3)
  A ribbon worm (D:2)
  24 orcs
  7 ball pythons
  6 bats
  8 endoplasms
  7 giant cockroaches
  9 goblins
  6 hobgoblins
  3 jackals (D:1)
  6 quokkas
  4 frilled lizards
  2 goblin skeletons (D:3)
  2 goblin zombies (D:3)
  18 kobolds
  2 kobold skeletons (D:3)
  A kobold zombie (D:3)
  4 orc skeletons (D:3)
  An orc zombie (D:3)
  4 rats
221 creatures vanquished.

Vanquished Creatures (collateral kills)
  Gastronok (D:9)
  A two-headed ogre (D:11)
  An oklob plant (D:11)
  A vampire (D:11)
  7 yaks
  2 wyverns
  A wraith (D:10)
  A chaos spawn (Gauntlet)
  2 water moccasins
  2 orc warriors
  2 ice beasts (D:6)
  2 centaurs
  A wolf (D:11)
  5 wights
  4 killer bees
  3 electric eels
  A hound (D:6)
  A gnoll bouda (D:6)
  2 iguanas
  A sleepcap (D:6)
  8 orc wizards
  5 gnolls
  11 orcs
  5 kobolds
70 creatures vanquished.

Vanquished Creatures (others)
  4 battlemagi
4 creatures vanquished.

Grand Total: 295 creatures vanquished

Notes
Turn   | Place    | Note
-------+----------+-------------------------------------------
     0 | D:1      | Aneyh the Tengu Monk began the quest for the Orb.
     0 | D:1      | Reached XP level 1. HP: 14/14 MP: 2/2
    27 | D:1      | Reached XP level 2. HP: 9/19 MP: 3/3
   202 | D:1      | Reached XP level 3. HP: 23/23 MP: 4/4
   854 | D:2      | You fall into a shaft and drop 1 floor!
  1050 | D:2      | Reached XP level 4. HP: 28/28 MP: 5/5
  1191 | D:2      | Noticed Natasha
  1197 | D:2      | Killed Natasha
  1198 | D:2      | Reached skill level 5 in Dodging
  1513 | D:2      | Noticed Natasha
  1524 | D:2      | Killed Natasha
  1525 | D:2      | Reached XP level 5. HP: 14/32 MP: 6/6
  1900 | D:3      | Found a glowing golden altar of the Shining One.
  2148 | D:3      | Identified a scroll of acquirement
  2149 | D:3      | Acquired a +2 pair of gloves of infusion
  2321 | D:4      | Noticed a black bear
  2335 | D:3      | Killed a black bear
  2336 | D:3      | Reached skill level 4 in Fighting
  2336 | D:3      | Reached XP level 6. HP: 19/38 MP: 1/7
  2861 | D:4      | Gained mutation: Your magical flight helps you evade
                  | attacks. (EV +4) [Tengu growth]
  2861 | D:4      | Reached XP level 7. HP: 44/44 MP: 8/8
  3035 | D:4      | Reached skill level 5 in Fighting
  3238 | D:5      | Entered Level 5 of the Dungeon
  3433 | D:5      | Reached skill level 6 in Fighting
  3448 | D:5      | Found a snail-covered altar of Cheibriados.
  3669 | D:5      | Found Plog's Antique Armour Boutique.
  3762 | D:5      | Learned a level 2 spell: Call Imp
  3854 | D:5      | Reached skill level 1 in Summonings
  3854 | D:5      | Reached XP level 8. HP: 44/52 MP: 5/9
  4198 | D:5      | Found a glowing silver altar of Zin.
  4198 | D:5      | Found an opulent altar of Gozag.
  4615 | D:6      | Reached skill level 7 in Fighting
  5126 | D:6      | Found a hazy altar of Hepliaklqana.
  5135 | D:6      | Reached skill level 8 in Fighting
  5226 | D:6      | Noticed a yak
  5226 | D:6      | Noticed a yak
  5227 | D:6      | Noticed a yak
  5227 | D:6      | Noticed a yak
  5235 | D:5      | Killed a yak
  5364 | D:7      | Found a sacrificial altar of Ru.
  5406 | D:7      | Reached skill level 9 in Fighting
  5500 | D:7      | Reached XP level 9. HP: 60/60 MP: 4/10
  5597 | D:7      | Reached skill level 10 in Fighting
  5718 | D:6      | Became a worshipper of Hepliaklqana the Forgotten
  5718 | D:6      | Reached * piety under Hepliaklqana
  5718 | D:6      | Reached ** piety under Hepliaklqana
  5719 | D:6      | Remembered your ancestor Zywin as a battlemage
  5725 | D:6      | Identified the +1 chain mail of the Sky {rPois}
  6027 | D:6      | Found a shimmering altar of Xom.
  6027 | D:6      | Found a basalt altar of Yredelemnul.
  6064 | D:6      | Reached skill level 11 in Fighting
  7131 | D:7      | Found a staircase to the Ecumenical Temple.
  7139 | D:7      | Reached skill level 12 in Fighting
  7140 | D:7      | Reached XP level 10. HP: 53/63 MP: 8/11
  7155 | Temple   | Entered the Ecumenical Temple
  7499 | D:7      | Found a hide-covered altar of Uskayaw.
  7973 | D:8      | Reached skill level 13 in Fighting
  8273 | D:8      | Noticed a kobold demonologist
  8281 | D:8      | Killed a kobold demonologist
  8323 | D:8      | Found a shimmering blue altar of Sif Muna.
  8586 | D:8      | Found Ruinliofu's Antique Armour Boutique.
  8592 | D:8      | Reached skill level 5 in Summonings
  9140 | D:9      | Found a shadowy altar of Dithmenos.
  9195 | D:9      | Reached skill level 14 in Fighting
  9292 | D:9      | Noticed a two-headed ogre
  9298 | D:9      | Killed a two-headed ogre
  9299 | D:9      | Reached XP level 11. HP: 59/72 MP: 7/12
  9367 | D:9      | Reached *** piety under Hepliaklqana
  9515 | D:9      | Found Pexkeas's Distillery.
  9593 | D:9      | Gained mutation: You are partially covered in iridescent
                  | scales. (AC +2) [potion of mutation]
  9593 | D:9      | Gained mutation: Your flesh is cold resistant. (rC+)
                  | [potion of mutation]
  9593 | D:9      | Gained mutation: Your muscles are strong. (Str +4, Int/Dex
                  | -1) [potion of mutation]
 10162 | D:9      | Noticed Gastronok
 10174 | D:9      | Killed Gastronok
 10175 | D:9      | Reached skill level 15 in Fighting
 10182 | D:9      | Learned a level 3 spell: Call Canine Familiar
 10411 | D:10     | Entered Level 10 of the Dungeon
 10453 | D:10     | Found an ornate altar of the Wu Jian Council.
 10489 | D:10     | Found a white marble altar of Elyvilon.
 11300 | D:10     | Found an ancient bone altar of Kikubaaqudgha.
 11300 | D:10     | Found a shimmering blue altar of Sif Muna.
 11302 | D:10     | Found a radiant altar of Vehumet.
 11306 | D:10     | Got Kikubaaqudgha's Almanac of the Crypt
 11357 | D:10     | Found a stormy altar of Qazlal.
 11545 | D:11     | Noticed a cyclops
 11552 | D:11     | Noticed a two-headed ogre
 11557 | D:11     | Killed a cyclops
 11561 | D:11     | Killed a two-headed ogre
 11742 | D:11     | Noticed Grum
 11753 | D:11     | Killed Grum
 11754 | D:11     | Reached skill level 16 in Fighting
 11880 | D:11     | Noticed a cyclops
 11888 | D:11     | Killed a cyclops
 12270 | D:11     | Noticed an oklob plant
 12281 | D:11     | Found a staircase to the Lair.
 12281 | D:11     | Reached **** piety under Hepliaklqana
 12285 | D:11     | Killed an oklob plant
 12554 | Lair:1   | Entered Level 1 of the Lair of Beasts
 12596 | Lair:1   | Found a gate leading to a gauntlet.
 12625 | Gauntlet | Entered a Gauntlet
 12625 | Gauntlet | Found a transporter.
 12625 | Gauntlet | Found a transporter.
 12625 | Gauntlet | Found a transporter.
 12626 | Gauntlet | Found a transporter.
 12627 | Gauntlet | Found a transporter.
 12630 | Gauntlet | Found a transporter.
 12633 | Gauntlet | Noticed a worldbinder
 12635 | Gauntlet | Noticed a tengu warrior
 12636 | Gauntlet | Found a runed translucent gate.
 12636 | Gauntlet | Found a runed translucent gate.
 12636 | Gauntlet | Found a runed translucent gate.
 12638 | Gauntlet | Found a transporter.
 12639 | Gauntlet | Found a transporter.
 12640 | Gauntlet | Found a transporter.
 12641 | Gauntlet | Found a transporter.
 12642 | Gauntlet | Noticed a large abomination
 12643 | Gauntlet | Noticed a death yak
 12644 | Gauntlet | Noticed a death yak
 12645 | Gauntlet | Noticed a necromancer
 12645 | Gauntlet | Noticed a death yak
 12645 | Gauntlet | Noticed a death yak
 12649 | Gauntlet | Found a transporter.
 12650 | Gauntlet | Found a transporter.
 12661 | Gauntlet | Noticed a large abomination
 12731 | Gauntlet | Reached XP level 12. HP: 51/81 MP: 3/13
 12844 | Gauntlet | Gained mutation: Your magical capacity is low. (-10% MP) [a
                  | neqoxec]
 12903 | Gauntlet | Mangled by a large abomination

Illustrated notes

Levels and vault maps discovered:
D:1:      mrwooster_arrival_statue_3, layout_basic
D:2:      layout_loops_ring, palyth_stone_intersect,
          amcnicky_mini_rare_corridor_liquid, uniq_natasha
D:3:      layout_loops_ring, nicolae_tso_besieged_by_evil
D:4:      nicolae_cairo_tiling_very_big, layout_gridville
D:5:      layout_gridville, grunt_temple_overflow_gold_and_silver,
          cheibriados_altar_1, serial_shops, shop
D:6:      layout_layer_cave, lemuel_tele_altar,
          gammafunk_temple_overflow_elements
D:7:      layout_rooms, nicolae_ru_awakened_eye, general_overflow_altar,
          minmay_temple_entry_waves, dreamdust_mushroom_princess,
          dk_rats_in_the_wall
D:8:      layout_basic, serial_shops, shop, serial_library,
          serial_library_hellmonk_layered_room,
          serial_library_hellmonk_hallway_b,
          serial_library_hellmonk_open_square, serial_library_hellmonk_room_a,
          serial_library_hellmonk_narrow_alcove,
          serial_library_hellmonk_recessed_alcove,
          serial_library_hellmonk_filled_rooms,
          serial_library_hellmonk_long_bookcase,
          serial_library_hellmonk_big_corner, due_unseen_surprise
D:9:      layout_roguey, mainiacjoe_overflow_boulevard, serial_shops,
          nicolae_shop_industrial_runoff, uniq_gastronok
D:10:     nicolae_moon_pools, layout_loops_ring,
          grunt_temple_overflow_magic_moments,
          mainiacjoe_overflow_cross_hatched, nzn_wu_jian_council_hall,
          nicolae_qazlal_style_of_elements
D:11:     layout_basic, dpeg_oklobed_lair, uniq_grum
Temple:   hellmonk_temple_beads
Lair:1:   layout_cellular_growth, gauntlet_entry_generic
Gauntlet: minmay_gauntlet_mixed_big_or_small [nicolae_gauntlet_swirl,
          minmay_gauntlet_arena_77_hold_the_fort,
          gammafunk_gauntlet_arena_arrow_garden,
          minmay_gauntlet_arena_77_run_for_it, nicolae_gauntlet_arena_grate_2,
          minmay_gauntlet_arena_77_tiled_triplets,
          dreamdust_gauntlet_exit_labyrinth]

Skill      XL: |  1  2  3  4  5  6  7  8  9 10 11 12 |
---------------+-------------------------------------+-----
Long Blades    | 4 |  4.0
Dodging        | 4 5 6 |  6.0
Fighting       | 4 6 9 12 14 16 | 16.7
Armour         | 2 3 4 |  4.0
Summonings     | 1 3 4 6 7 8 |  8.2

Action                     |  1- 3 |  4- 6 |  7- 9 | 10-12 || total
---------------------------+-------+-------+-------+-------++-------
  Melee: Falchion          |    80 |   127 |   207 |       ||   414
         Kick              |    15 |    28 |    76 |    67 ||   186
         Peck              |     7 |    15 |    58 |    48 ||   128
         Scimitar          |       |       |     7 |   226 ||   233
   Fire: Orcbow            |       |     8 |    50 |       ||    58
         Shortbow          |       |       |     2 |     4 ||     6
  Throw: Dart              |       |     2 |       |       ||     2
   Cast: Call Imp          |       |       |    12 |     6 ||    18
         Call Canine Famil |       |       |       |     6 ||     6
 Invoke: Ancestor Life: Ba |       |       |     1 |       ||     1
    Use: Scroll            |       |     5 |     2 |     5 ||    12
         Potion            |       |       |       |     4 ||     4
   Stab: Sleeping          |     2 |     1 |       |       ||     3
         Distracted        |       |       |       |     3 ||     3
 Armour: Robe              |    33 |    71 |       |       ||   104
         Ring mail         |       |       |   118 |       ||   118
         Chain mail        |       |       |    68 |   208 ||   276
  Dodge: Dodged            |    63 |    87 |   267 |   220 ||   637

Table legend: (Time is in decaauts)
 A = Elapsed time spent in this place.
 B = Non-inter-level travel time spent in this place.
 C = Inter-level travel time spent in this place.
 D = Time resting spent in this place.
 E = Time spent auto-exploring this place.
 F = Levels seen in this place.
 G = Mean time per level.
                   A        B        C        D        E       F      G
               +--------+--------+--------+--------+--------+-----+--------+
         Total |  13173 |  12648 |    525 |   2945 |   7378 |  14 |  940.9 |
       Dungeon |  12804 |  12279 |    525 |   2856 |   7378 |  11 | 1164.0 |
        Temple |      1 |      1 |      0 |      0 |      0 |   1 |    1.0 |
          Lair |     76 |     76 |      0 |      0 |      0 |   1 |   76.0 |
      Gauntlet |    290 |    290 |      0 |     89 |      0 |   1 |  290.0 |
               +--------+--------+--------+--------+--------+-----+--------+

Top non-repeatable levels by time:
     D:6: 1895 daAuts
     D:8: 1832 daAuts
    D:10: 1189 daAuts
     D:7: 1166 daAuts
     D:5: 1140 daAuts
    D:11: 1102 daAuts
     D:9: 1085 daAuts
     D:4: 886 daAuts
     D:1: 857 daAuts
     D:3: 842 daAuts
     D:2: 807 daAuts
Gauntlet: 290 daAuts
  Lair:1: 76 daAuts
  Temple: 1 daAuts
